 Dungeon Crawl Stone Soup version 0.30-a0-737-gf23d94013f (webtiles) character file.

Game seed: 2154167044252374493

953 EiAlmux the Magician (level 7, -1/40 HPs)
             Began as a Deep Elf Conjurer on Feb 1, 2023.
             Slain by an ufetubus (2 damage)
             ... on level 5 of the Dungeon.
             The game lasted 00:07:27 (4600 turns).

EiAlmux the Magician (Deep Elf Conjurer)            Turns: 4600, Time: 00:07:27

Health: -1/40      AC:  2    Str:  4    XL:     7   Next: 90%
Magic:  6/20       EV: 12    Int: 25    God:
Gold:   194        SH:  0    Dex: 13    Spells: 14/21 levels left

rFire   + . .      SeeInvis .    e - +0 dagger
rCold   . . .      Faith    .    (no shield)
rNeg    . . .      Spirit   .    a - +0 robe
rPois   .          Reflect  .    (no helmet)
rElec   .          Harm     .    (no cloak)
rCorr   .          Rampage  .    (no gloves)
Will    .....                    (no boots)
Stlth   +++                      (no amulet)
HPRegen 0.26/turn                f - ring of protection from fire
MPRegen 0.17/turn                (no ring)

@: no status effects
A: no striking features
a: no special abilities


You were on level 5 of the Dungeon.
You visited 1 branch of the dungeon, and saw 5 of its levels.

You collected 194 gold pieces.

Inventory:

Hand Weapons
 e - a +0 dagger (weapon)
Armour
 a - a +0 robe (worn)
Magical Staves
 q - a staff of air
Jewellery
 f - a ring of protection from fire (left hand)
Scrolls
 c - a scroll of blinking
 h - a scroll of brand weapon {unknown}
 l - 2 scrolls of amnesia
 m - a scroll of enchant armour {unknown}
 p - a scroll of magic mapping
 r - a scroll of vulnerability {unknown}
 s - a scroll of silence {unknown}
Potions
 b - a potion of magic
 d - 5 potions of curing {unknown}
 g - a potion of brilliance {unknown}
 i - a potion of flight {unknown}
 j - 2 potions of lignification {unknown}
 k - a potion of haste {unknown}
 n - 2 potions of heal wounds {unknown}
 o - a potion of ambrosia {unknown}


   Skills:
 - Level 2.0 Fighting
 - Level 2.4 Dodging
 - Level 5.0 Stealth
 + Level 7.8 Spellcasting
 + Level 7.4 Conjurations
 - Level 2.0 Hexes


You had 14 spell levels left.
You knew the following spells:

 Your Spells              Type           Power      Damage    Failure   Level
a - Magic Dart            Conj           100%       1d8       1%          1
b - Searing Ray           Conj           94%        2d7       1%          2
c - Fulminant Prism       Conj/Hex       16%        3d10      9%          4

Your spell library contained the following spells:

 Spells                   Type           Power      Damage    Failure   Level
 Foxfire                  Conj/Fire      100%       2x1d9     1%          1
 Dazzling Flash           Conj/Hex       66%        N/A       2%          3
 Iskenderun's Mystic Bla  Conj/Tloc      28%        2d7       13%         4
 Fireball                 Conj/Fire      14%        3d8       36%         5
 Starburst                Conj/Fire      14%        6d6       90%         6


Dungeon Overview and Level Annotations

Branches:
Dungeon (5/15)
 Temple: D:4-7

Altars:
Dithmenos

Shops:
D:1 *   D:2 *

Annotations:
D:3 3 runed translucent doors, voronchuk's ghost, amateur DECj


Message History

Your fulminant prism crackles loudly.
Something hits your fulminant prism!
Your fulminant prism explodes!
The blast of energy engulfs the gnoll!!
You kill the gnoll!
You feel a bit more experienced.
The magic dart hits the shadow imp.
The shadow imp is severely wounded.
The magic dart hits the shadow imp.
The shadow imp is almost dead.
Your attacks no longer feel as feeble.
The magic dart hits the shadow imp.
You kill the shadow imp!
The gnoll attacks as you move away! The gnoll hits you with a +0 club.
The gnoll is no longer moving quickly.
The gnoll hits you with a +0 club. The ufetubus misses you.
The ufetubus hits you. The gnoll attacks as you move away!
The gnoll hits you with a +0 club.
Casting: Magic Dart (safe; 1% risk of failure)
Confirm with . or Enter, or press ? or * to list all spells.
Aiming: Searing Ray (safe; 1% risk of failure)
Press: ? - help, Shift-Dir - straight line, f - gnoll
Aim: a gnoll, wielding a +0 club (almost dead, 84% to hit)
Okay, then.
The ufetubus hits you. x2
The ufetubus attacks as you move away! The ufetubus barely misses you.
The ufetubus closely misses you. The ufetubus hits you.
* * * LOW HITPOINT WARNING * * *
The ufetubus hits you.
* * * LOW HITPOINT WARNING * * *
The ufetubus attacks as you move away! The ufetubus closely misses you.
The ufetubus hits you.
* * * LOW HITPOINT WARNING * * *
Okay, then.
The gnoll attacks as you move away! The gnoll closely misses you.
The ufetubus attacks as you move away! The ufetubus hits you.
* * * LOW HITPOINT WARNING * * *
The ufetubus misses you. The ufetubus hits you.
You die...

##.# ##........,,*,,**
#.## #..#####..,,,,,*
### #.## ***,,,,,***
##.# **,,,,,,* #..#
*,***,,, #.## **,* ****
##.# *,,* **, ###..##
**,,****,, **#....@##
**,,,,**,,,
#..####g5#####..,,,,,,,*
##** ##...........,,,,,
##..#........,,,,,
#######..##,....)..,,,,,
#........#*,....#.#***,,
#.#####..##*..))..# **,
*** ##..#*...)..# **
##..##.....## *


You could see a gnoll and an ufetubus.

Vanquished Creatures
  A phantom (D:4)
  Blork the orc (D:4)
  2 scorpions (D:4)
  2 necrophages (D:4)
  3 wights (D:4)
  2 hounds
  2 orc priests (D:4)
  A gnoll bouda (D:5)
  2 orc wizards (D:4)
  Natasha (thrice) (D:4)
  3 gnolls (D:5)
  3 adders
  A shadow imp (D:5)
  An ufetubus (D:5)
  2 worms
  4 dart slugs
  8 orcs
  6 ball pythons
  5 endoplasms
  2 giant cockroaches (D:1)
  7 goblins
  A hobgoblin (D:4)
  6 kobolds
  4 quokkas
  2 bats
  3 frilled lizards
  4 rats (D:1)
81 creatures vanquished.

Vanquished Creatures (others)
  A fulminant prism (D:5)
1 creature vanquished.

Grand Total: 82 creatures vanquished

Notes
Turn   | Place    | Note
-------+----------+-------------------------------------------
     0 | D:1      | EiAlmux the Deep Elf Conjurer began the quest for the Orb.
     0 | D:1      | Reached XP level 1. HP: 10/10 MP: 6/6
    16 | D:1      | Found Plog's General Store.
   181 | D:1      | Reached XP level 2. HP: 16/16 MP: 4/8
   359 | D:1      | Reached skill level 1 in Fighting
   834 | D:2      | Reached XP level 3. HP: 20/20 MP: 6/9
  1017 | D:2      | Found Koucs's Assorted Antiques.
  1751 | D:3      | Noticed voronchuk's ghost (amateur DECj)
  1792 | D:3      | Found a runed translucent gate.
  1792 | D:3      | Found a runed translucent gate.
  1792 | D:3      | Found a runed translucent gate.
  1847 | D:3      | Learned a level 2 spell: Searing Ray
  1908 | D:3      | Found a faded altar of an unknown god.
  1970 | D:3      | Reached XP level 4. HP: 26/26 MP: 8/11
  2495 | D:4      | Noticed a scorpion
  2535 | D:4      | Noticed a necrophage
  2682 | D:4      | Reached skill level 5 in Conjurations
  2684 | D:4      | Reached XP level 5. HP: 30/30 MP: 3/13
  2781 | D:4      | Learned a level 4 spell: Fulminant Prism
  2835 | D:4      | Reached skill level 1 in Hexes
  2939 | D:4      | Noticed Natasha
  2946 | D:4      | Killed Natasha
  3016 | D:4      | Reached skill level 5 in Spellcasting
  3016 | D:4      | Reached XP level 6. HP: 27/35 MP: 5/15
  3287 | D:4      | Found a shadowy altar of Dithmenos.
  3312 | D:4      | Noticed Blork the orc
  3323 | D:4      | Killed Blork the orc
  3324 | D:4      | Reached skill level 5 in Stealth
  3589 | D:4      | Reached XP level 7. HP: 4/40 MP: 7/18
  3731 | D:4      | Noticed Natasha
  3739 | D:4      | Killed Natasha
  3798 | D:4      | Noticed Natasha
  3805 | D:4      | Killed Natasha
  4234 | D:5      | Entered Level 5 of the Dungeon
  4600 | D:5      | HP: 1/40 [ufetubus (4)]
  4600 | D:5      | Slain by an ufetubus

Illustrated notes

Levels and vault maps discovered:
D:1:      grunt_arrival_lava_bath, layout_rooms, serial_shops,
          nicolae_shop_crystal
D:2:      layout_basic, serial_corexii_hall, corexii_hall_statues_u,
          corexii_hall_statues_t, serial_shops, nicolae_shop_advertising_works
          [nicolae_subvault_shop_adworks]
D:3:      layout_rooms, shapermc_ecumenical_altar_venn, gammafunk_ghost_icy,
          hex_large
D:4:      layout_loops_corners, mainiacjoe_overflow_surrounded_room,
          kennysheep_generic_room_10, uniq_blork_the_orc, uniq_natasha
D:5:      layout_layer_cave, nicolae_overflow_crystal_walls

Skill      XL: |  1  2  3  4  5  6  7 |
---------------+----------------------+-----
Fighting       | 1 2 |  2.0
Stealth        | 3 4 5 |  5.0
Spellcasting   | 4 5 6 7 |  7.8
Conjurations   | 5 6 7 |  7.4
Hexes          | 1 2 |  2.0
Dodging        | |  2.4

Action                     |  1- 3 |  4- 6 |  7- 9 || total
---------------------------+-------+-------+-------++-------
   Cast: Magic Dart        |    77 |    49 |    40 ||   166
         Searing Ray       |       |    12 |     6 ||    18
         Fulminant Prism   |       |       |     1 ||     1
    Use: Scroll            |       |     2 |     1 ||     3
  Dodge: Dodged            |     4 |     6 |    16 ||    26

Table legend: (Time is in decaauts)
 A = Elapsed time spent in this place.
 B = Non-inter-level travel time spent in this place.
 C = Inter-level travel time spent in this place.
 D = Time resting spent in this place.
 E = Time spent auto-exploring this place.
 F = Levels seen in this place.
 G = Mean time per level.
                   A        B        C        D        E       F      G
               +--------+--------+--------+--------+--------+-----+--------+
         Total |   4598 |   4442 |    156 |    284 |   3751 |   5 |  919.6 |
       Dungeon |   4598 |   4442 |    156 |    284 |   3751 |   5 |  919.6 |
               +--------+--------+--------+--------+--------+-----+--------+

Top non-repeatable levels by time:
     D:4: 1818 daAuts
     D:2: 907 daAuts
     D:1: 793 daAuts
     D:3: 712 daAuts
     D:5: 365 daAuts
